 Dungeon Crawl Stone Soup version 0.31-a0-746-ge8284cb111 (webtiles) character file.

Game seed: 2682750380112097054

332 Ijustatesigmund the Magician (level 6, -10/36 HPs)
             Began as a Deep Elf Fire Elementalist on Sept 14, 2023.
             Mangled by Crazy Yiuf
             ... wielding a +3 quarterstaff of chaos
              (22 damage)
             ... on level 4 of the Dungeon.
             The game lasted 00:04:19 (3365 turns).

Ijustatesigmund the Magician (DEFE)                 Turns: 3365, Time: 00:04:21

Health: -10/36     AC:  2    Str:  5    XL:     6   Next: 26%
Magic:  11/15      EV: 12    Int: 22    God:
Gold:   174        SH:  0    Dex: 15    Spells: 8/15 levels left

rFire   . . .        p - +2 scythe (protect)
rCold   . . .        (shield currently unavailable)
rNeg    . . .        a - +0 robe
rPois   .            (no helmet)
rElec   .            (no cloak)
rCorr   .            (no gloves)
SInv    .            (no boots)
Will    .....        (no amulet)
Stlth   ++           (no ring)
HPRegen 0.26/turn    (no ring)
MPRegen 0.14/turn

%: no passive effects
@: no status effects
A: no striking features
a: no special abilities


You were on level 4 of the Dungeon.
You visited 2 branches of the dungeon, and saw 5 of its levels.

You collected 174 gold pieces.

Inventory:

Hand Weapons
 d - a +0 short sword
 g - a +2 dagger of draining
 p - a +2 scythe of protection (weapon)
Armour
 a - a +0 robe (worn)
Wands
 k - a wand of paralysis (11)
Scrolls
 e - 2 scrolls of amnesia {unknown}
 i - a scroll of identify {unknown}
 j - a scroll of teleportation {unknown}
 l - 2 scrolls of noise {unknown}
 m - a scroll of blinking {unknown}
 o - a scroll of fog {unknown}
Potions
 b - 2 potions of magic
 c - a potion of haste {unknown}
 f - 2 potions of curing {unknown}
 h - a potion of mutation {unknown}
 n - a potion of degeneration {unknown}


   Skills:
 + Level 2.3 Fighting
 - Level 2.4 Dodging
 - Level 2.4 Stealth
 + Level 5.1 Spellcasting
 + Level 3.5 Conjurations
 + Level 4.8 Fire Magic


You had 8 spell levels left.
You knew the following spells:

 Your Spells              Type           Power      Damage    Failure   Level
a - Foxfire               Conj/Fire      96%        2x1d8     1%          1
b - Scorch                Fire           52%        2d7       1%          2
c - Flame Wave            Conj/Fire      24%        2d8       19%         4

Your spell library contained the following spells:

 Spells                   Type           Power      Damage    Failure   Level
 Inner Flame              Hex/Fire       16%        N/A       11%         3
 Volatile Blastmotes      Fire/Tloc      32%        2d12      11%         3
 Cigotuvi's Dreadful Rot  Necr/Pois/Air  10%        N/A       16%         2
 Ignite Poison            Fire/Tmut/Pois 12%        N/A       16%         3
 Tukima's Dance           Hex            5%         N/A       30%         3
 Iskenderun's Mystic Bla  Conj/Tloc      13%        2d5       43%         4
 Dimensional Bullseye     Hex/Tloc       2%         N/A       69%         4
 Freezing Cloud           Conj/Ice/Air   5%         6-21      86%         5


Dungeon Overview and Level Annotations

Branches:
Dungeon (4/15)             Temple (1/1) D:4

Altars:
Ashenzari
Cheibriados
Dithmenos
Elyvilon
Fedhas
Gozag
Hepliaklqana
Kikubaaqudgha
Okawaru
Sif Muna
Trog
Wu Jian
Zin
The Shining One

Shops:
D:3 :

Annotations:
D:4 Crazy Yiuf


Message History

Casting: Foxfire (safe; 1% risk of failure)
Confirm with . or Enter, or press ? or * to list all spells.
You conjure some foxfire!
Your foxfire dissipates!
Your foxfire dissipates!
There is a staircase to the Ecumenical Temple here.
You climb downwards.
Welcome to the Ecumenical Temple!
Found six altars.
Found a staircase back to the Dungeon.
There is a staircase back to the Dungeon here.
You climb upwards.
Welcome back to the Dungeon!
There is a staircase to the Ecumenical Temple here.
You conjure some foxfire!
Your foxfire dissipates!
Magic restored.
Things that are here:
2 stones; a +0 dagger
Found a hammer.
You see here a +0 hammer.
Found two hammers.
Found a runed translucent door.
Found a hammer.
You see here a +1 hammer of draining.
You see here a +0 hammer.
Found a hammer.
Crazy Yiuf shouts!
You open the door.
Casting: Foxfire (safe; 1% risk of failure)
Confirm with . or Enter, or press ? or * to list all spells.
Flames lash Crazy Yiuf.
Crazy Yiuf is lightly wounded.
Crazy Yiuf's fire resistance burns away.
Crazy Yiuf says, "Sif Muna!"
Crazy Yiuf hits you with a +3 quarterstaff of chaos!
Crazy Yiuf burns you.
Casting: Scorch (safe; 1% risk of failure)
Confirm with . or Enter, or press ? or * to list all spells.
Flames lash Crazy Yiuf but do no damage.
Crazy Yiuf hits you with a +3 quarterstaff of chaos!
Space warps horribly around you!!
Ouch! That really hurt!
You die...

###♣♣♣♣♣
##.#..♣.♣♣♣ ###
##.....)♣))♣#..)#
#......♣♣♣♣@g.).#
#...#.♣♣ ♣♣#..)#
#.###♣♣ ### #..#
##.# #.#########
~≈≈
#....##...#######
.~≈≈
##.####.........##
.~~≈ ###.#
##..###..>..# #.~≈


You could see Crazy Yiuf (combustible).

Vanquished Creatures
  Sigmund (D:4)
  Ijyb (D:3)
  An orc wizard (D:3)
  4 adders
  3 dart slugs
  4 orcs (D:3)
  6 bats
  9 endoplasms
  4 giant cockroaches
  5 goblins
  6 hobgoblins
  2 jackals (D:1)
  4 kobolds
  6 quokkas
  5 ball pythons
  2 frilled lizards
  6 rats
69 creatures vanquished.

Vanquished Creatures (others)
  180 foxfires
180 creatures vanquished.

Grand Total: 249 creatures vanquished

Notes
Turn   | Place    | Note
-------+----------+-------------------------------------------
     0 | D:1      | Ijustatesigmund the Deep Elf Fire Elementalist began the
                  | quest for the Orb.
     0 | D:1      | Reached XP level 1. HP: 10/10 MP: 6/6
   393 | D:1      | Reached XP level 2. HP: 16/16 MP: 5/8
   448 | D:1      | Learned a level 2 spell: Scorch
   466 | D:1      | Found a faded altar of an unknown god.
   784 | D:1      | Reached XP level 3. HP: 20/20 MP: 6/9
   935 | D:1      | Reached skill level 1 in Fighting
  1403 | D:2      | Found a glowing golden altar of the Shining One.
  1815 | D:3      | Noticed Ijyb
  1823 | D:3      | Paralysed by Ijyb for 5 turns
  1828 | D:3      | Killed Ijyb
  1829 | D:3      | Reached skill level 4 in Spellcasting
  1829 | D:3      | Reached XP level 4. HP: 10/25 MP: 2/12
  2144 | D:3      | Learned a level 4 spell: Flame Wave
  2432 | D:3      | Found Vengy's Book Shoppe.
  2547 | D:3      | Reached XP level 5. HP: 27/29 MP: 8/13
  3187 | D:4      | Noticed Sigmund
  3196 | D:4      | Killed Sigmund
  3197 | D:4      | Reached skill level 5 in Spellcasting
  3197 | D:4      | Reached XP level 6. HP: 17/36 MP: 5/15
  3281 | D:4      | Found a staircase to the Ecumenical Temple.
  3305 | Temple   | Entered the Ecumenical Temple
  3358 | D:4      | Found a runed translucent door.
  3359 | D:4      | Noticed Crazy Yiuf
  3365 | D:4      | Mangled by Crazy Yiuf

Illustrated notes

Levels and vault maps discovered:
D:1:      minmay_arrival_stair_chambers, layout_basic,
          shapermc_ecumenical_altar_pompeii, minmay_split_cup_large
D:2:      layout_rooms, basic_altar, minmay_misc_feat_chi,
          chequers_serial_rivers_micro_a
D:3:      minmay_general_purpose_star, layout_loops_cross, serial_shops,
          shop_statue, grunt_ministairs_9, uniq_ijyb
D:4:      wander_river, layout_rooms, minmay_temple_entry_butterflies,
          grunt_ministairs_4, uniq_natasha, uniq_sigmund,
          uniq_crazy_yiuf_cottage
Temple:   nicolae_temple_ecumenical_triangle

Skill      XL: |  1  2  3  4  5 |
---------------+----------------+-----
Fighting       | 1 2 |  2.3
Conjurations   | 2 3 |  3.5
Spellcasting   | 4 5 |  5.1
Fire Magic     | 4 |  4.8
Dodging        | |  2.4
Stealth        | |  2.4

Action                     |  1- 3 |  4- 6 || total
---------------------------+-------+-------++-------
   Cast: Foxfire           |    68 |    50 ||   118
         Scorch            |    14 |    10 ||    24
 Armour: Robe              |     9 |    10 ||    19
  Dodge: Dodged            |     5 |     8 ||    13

Table legend: (Time is in decaauts)
 A = Elapsed time spent in this place.
 B = Non-inter-level travel time spent in this place.
 C = Inter-level travel time spent in this place.
 D = Time resting spent in this place.
 E = Time spent auto-exploring this place.
 F = Levels seen in this place.
 G = Mean time per level.
                   A        B        C        D        E       F      G
               +--------+--------+--------+--------+--------+-----+--------+
         Total |   3363 |   3316 |     47 |    409 |   2474 |   5 |  672.6 |
       Dungeon |   3361 |   3314 |     47 |    409 |   2474 |   4 |  840.2 |
        Temple |      1 |      1 |      0 |      0 |      0 |   1 |    1.0 |
               +--------+--------+--------+--------+--------+-----+--------+

Top non-repeatable levels by time:
     D:1: 1341 daAuts
     D:3: 1323 daAuts
     D:2: 468 daAuts
     D:4: 228 daAuts
  Temple: 1 daAuts
